[Event "Titled Tuesday Blitz July 6 2021"]
[White "Golubenko, Valentina"]
[Black "Gontcharov, Vladislav"]
[WhiteFideId "4501993"]
[BlackFideId "4123492"]
[WhiteElo "2164"]
[BlackElo "2503"]
[Result "0-1"]
[Round "07"]
[TimeControl "180+1"]
[Date "2021.07.06"]
[WhiteClock "0:00:15"]
[BlackClock "0:00:59"]

1. d4 Nf6 2. g3 g6 3. Bg2 Bg7 4. c4 O-O 5. Nc3 c5 6. d5 d6 7. Nf3 Bg4 8. O-O Qd7 9. e4 Bh3 10. e5 Bxg2 11. exf6 Bxf3 12. Qxf3 Bxf6 13. Bh6 Re8 14. Rfe1 Qf5 15. Qxf5 gxf5 16. Nb5 Na6 17. Rab1 Red8 18. Re2 Rd7 19. Rbe1 Nc7 20. Nc3 Re8 21. h4 a6 22. a4 b5 23. axb5 axb5 24. cxb5 Bxc3 25. bxc3 Nxd5 26. c4 Nb6 27. Bg5 e5 28. Rc2 Kg7 29. Bd2 Ra8 30. Rd1 f6 31. Be3 Kf7 32. Bxc5 dxc5 33. Rxd7+ Nxd7 34. Rd2 Ke6 35. Rd5 Ra4 36. b6 Rxc4 0-1


[Site "https://www.chess.com"]

[Event "Titled Tuesday Blitz July 6 2021"]
[White "Golubev, Mikhail"]
[Black "Bilych, Olexiy"]
[WhiteFideId "14100983"]
[BlackFideId "14156504"]
[WhiteElo "2374"]
[BlackElo "2246"]
[Result "0-1"]
[Round "07"]
[TimeControl "180+1"]
[Date "2021.07.06"]
[WhiteClock "0:02:09"]
[BlackClock "0:01:41"]

1. e4 Nf6 2. e5 Nd5 3. d4 d6 4. Nf3 dxe5 5. Nxe5 g6 6. Bc4 Be6 7. O-O Bg7 8. Bb3 O-O 9. Re1 c6 10. Nd2 Nd7 11. Nef3 a5 12. Rxe6 fxe6 13. Ng5 Bxd4 14. Nxe6 Bxf2+ 15. Kh1 Qb6 16. Nxf8 Rxf8 17. Ne4 Qd4 18. Nxf2 Qxd1+ 0-1


[Site "https://www.chess.com"]

[Event "Titled Tuesday Blitz July 6 2021"]
[White "Grischuk, Alexander"]
[Black "Zubov, Alexander"]
[WhiteFideId "4126025"]
[BlackFideId "14109409"]
[WhiteElo "2765"]
[BlackElo "2740"]
[Result "1/2-1/2"]
[Round "07"]
[TimeControl "180+1"]
[Date "2021.07.06"]
[WhiteClock "0:00:03"]
[BlackClock "0:00:02"]

1. e4 c5 2. Nc3 e6 3. Nf3 a6 4. d4 cxd4 5. Nxd4 b5 6. Bd3 Qb6 7. Nf3 Qc7 8. O-O Bb7 9. Re1 Be7 10. e5 f5 11. a4 b4 12. Nb1 Bc5 13. Nbd2 Ne7 14. Nc4 Nd5 15. Ng5 O-O 16. Qh5 h6 17. Nf3 Ne7 18. Bf4 Bxf3 19. Qxf3 Nbc6 20. c3 bxc3 21. bxc3 Nd5 22. Bd2 Rab8 23. Rad1 Rb3 24. Rc1 Qa7 25. Qg3 Kh7 26. Bc2 Rbb8 27. h4 Nce7 28. h5 Kh8 29. Qf3 Qc7 30. Bd3 Rb3 31. g3 Nc6 32. Kg2 Rbb8 33. Rb1 Rxb1 34. Bxb1 Na5 35. Nxa5 Qxa5 36. Bc2 Be7 37. Bb3 Nb6 38. Qb7 Rd8 39. Rd1 Nd5 40. Bxd5 Qxd5+ 41. Qxd5 exd5 42. Bf4 Kg8 43. Rxd5 Kf7 44. Rd1 Ke6 45. Rb1 Bc5 46. Rb7 Rc8 47. Kf3 Rc6 48. Ke2 Be7 49. Kd3 Bc5 50. f3 Be7 51. c4 Bc5 52. g4 fxg4 53. fxg4 Be7 54. a5 Bd8 55. Bd2 Bc7 56. Bc3 Rc5 57. Ra7 Rc6 58. Rb7 Rc5 59. Ra7 Rc6 60. Rb7 1/2-1/2


[Site "https://www.chess.com"]

[Event "Titled Tuesday Blitz July 6 2021"]
[White "Gunina, Valentina"]
[Black "Rorrer, Grayson"]
[WhiteFideId "4167570"]
[BlackFideId "30944996"]
[WhiteElo "2753"]
[BlackElo "2555"]
[Result "1-0"]
[Round "07"]
[TimeControl "180+1"]
[Date "2021.07.06"]
[WhiteClock "0:00:51"]
[BlackClock "0:00:01"]

1. d4 Nf6 2. c4 e6 3. Nf3 Bb4+ 4. Bd2 a5 5. g3 d6 6. Bg2 Nbd7 7. O-O e5 8. Be3 O-O 9. a3 exd4 10. Nxd4 Bc5 11. Nc3 Re8 12. Rc1 Ng4 13. Bf4 g5 14. e4 Nb6 15. Be3 Nxc4 16. Nd5 Ncxe3 17. Nxe3 Qf6 18. Nxg4 Qxd4 19. Qf3 Bxg4 20. Qxg4 Qg7 21. b4 axb4 22. axb4 Bb6 23. Kh1 Ra2 24. f4 gxf4 25. Qxf4 Re2 26. Qh4 Qb2 27. Bf3 Re3 28. Bh5 R3xe4 29. Bxf7+ Kh8 30. Qh3 R8e7 31. Bg6 Rf4 32. gxf4 Qf6 33. Bb1 Qd4 34. Rce1 Qd5+ 35. Qg2 Rxe1 36. Rxe1 Qf7 37. Qg5 c6 38. Re7 Qd5+ 1-0


[Site "https://www.chess.com"]

[Event "Titled Tuesday Blitz July 6 2021"]
[White "Harshavardhan G B"]
[Black "Praveen, Kumar C"]
[WhiteFideId "25059009"]
[BlackFideId "5007372"]
[WhiteElo "1825"]
[BlackElo "2236"]
[Result "1-0"]
[Round "07"]
[TimeControl "180+1"]
[Date "2021.07.06"]
[WhiteClock "0:02:15"]
[BlackClock "0:01:42"]

1. e4 e6 2. d4 d5 3. Bd3 Nf6 4. e5 Nfd7 5. Ne2 c5 6. c3 Nc6 7. O-O Be7 8. Be3 Qb6 9. Nd2 cxd4 10. cxd4 f6 11. Nb3 f5 12. Nf4 Ndb8 13. g4 O-O 14. gxf5 exf5 15. Nxd5 Qd8 16. Bc4 Kh8 17. Nxe7 Qxe7 18. f4 a5 19. d5 a4 20. Bc5 1-0


[Site "https://www.chess.com"]

[Event "Titled Tuesday Blitz July 6 2021"]
[White "Hebden, Mark L"]
[Black "Manukian, Artak"]
[WhiteFideId "400084"]
[BlackFideId "13301373"]
[WhiteElo "2457"]
[BlackElo "2400"]
[Result "1-0"]
[Round "07"]
[TimeControl "180+1"]
[Date "2021.07.06"]
[WhiteClock "0:01:39"]
[BlackClock "0:01:05"]

1. d4 Nf6 2. Nf3 g6 3. g3 Bg7 4. Bg2 d6 5. O-O O-O 6. c4 Nbd7 7. Nc3 e5 8. e4 a5 9. h3 exd4 10. Nxd4 Nc5 11. Ndb5 Re8 12. Re1 h5 13. Bf4 Be6 14. b3 Nh7 15. Qd2 h4 16. g4 g5 17. Be3 Be5 18. Rac1 f6 19. Bd4 Qe7 20. Nd5 Bxd5 21. exd5 Qg7 22. Be3 Nf8 23. Nd4 Ng6 24. Nf5 Qf8 25. Bxc5 dxc5 26. d6 c6 27. d7 Red8 28. Rcd1 Bd4 29. Nxd4 cxd4 30. Qxd4 Ne5 31. Rxe5 fxe5 32. Qxe5 Qf4 33. Qe7 a4 34. Rd6 Qxd6 35. Qxd6 axb3 36. axb3 1-0


[Site "https://www.chess.com"]

[Event "Titled Tuesday Blitz July 6 2021"]
[White "Jarovinsky, Alexey"]
[Black "Vignesh, N R"]
[WhiteFideId "14115131"]
[BlackFideId "25012215"]
[WhiteElo "2446"]
[BlackElo "2401"]
[Result "0-1"]
[Round "07"]
[TimeControl "180+1"]
[Date "2021.07.06"]
[WhiteClock "0:00:01"]
[BlackClock "0:00:35"]

1. Nc3 c5 2. e4 d6 3. g3 Nc6 4. Bg2 g6 5. d3 Bg7 6. Bd2 e6 7. Qc1 Rb8 8. Nge2 b5 9. O-O b4 10. Nd1 a5 11. f4 Nge7 12. c4 bxc3 13. bxc3 Ba6 14. Nf2 O-O 15. g4 f5 16. gxf5 gxf5 17. Ng3 fxe4 18. Bxe4 d5 19. Bg2 Ng6 20. Bh3 Qd6 21. Nh5 Bh6 22. f5 Bxd2 23. Qxd2 exf5 24. Qh6 Rb7 25. Rae1 Nce5 26. Kh1 Nxd3 27. Nxd3 Bxd3 28. Rf2 Be4+ 29. Bg2 Re7 30. Rg1 Qe5 31. h3 f4 32. Bxe4 Qxe4+ 33. Kh2 f3 34. Rg4 Qe3 35. Qxe3 Rxe3 36. c4 d4 37. Rg5 Re5 38. Rxe5 Nxe5 39. Kg3 d3 40. Nf4 Kh8 41. Nd5 h5 42. Ne3 h4+ 43. Kxh4 Nxc4 44. Nxc4 Rf4+ 0-1


[Site "https://www.chess.com"]

[Event "Titled Tuesday Blitz July 6 2021"]
[White "Jobava, Baadur"]
[Black "Lortkipanidze, Nodar"]
[WhiteFideId "13601520"]
[BlackFideId "13604058"]
[WhiteElo "2748"]
[BlackElo "2312"]
[Result "1-0"]
[Round "07"]
[TimeControl "180+1"]
[Date "2021.07.06"]
[WhiteClock "0:02:45"]
[BlackClock "0:01:13"]

1. d4 e6 2. Nc3 d5 3. Bf4 a6 4. e3 c5 5. Nf3 Nc6 6. a3 Nf6 7. h3 Be7 8. dxc5 Bxc5 9. Bd3 Qe7 10. O-O e5 11. Bg5 Be6 12. e4 h6 13. Bxf6 Qxf6 14. exd5 Bxh3 1-0


[Site "https://www.chess.com"]

[Event "Titled Tuesday Blitz July 6 2021"]
[White "Kalajzic, Ivan"]
[Black "Ibrahimli, Murad"]
[WhiteFideId "14506378"]
[BlackFideId "13410229"]
[WhiteElo "2163"]
[BlackElo "2109"]
[Result "0-1"]
[Round "07"]
[TimeControl "180+1"]
[Date "2021.07.06"]
[WhiteClock "0:00:02"]
[BlackClock "0:02:13"]

1. b3 Nf6 2. Bb2 g6 3. Bxf6 exf6 4. c4 d5 5. cxd5 Qxd5 6. Nc3 Qa5 7. a3 c6 8. b4 Qd8 9. g3 f5 10. Bg2 Bg7 11. e3 a5 12. Nge2 O-O 13. O-O axb4 14. axb4 Rxa1 15. Qxa1 Qxd2 16. Rd1 Qxe2 17. Nxe2 Bxa1 18. Rxa1 Na6 19. Rb1 Rd8 20. Nd4 Nc7 21. Ra1 Kf8 22. Ra5 Ke7 23. Bxc6 Rxd4 24. exd4 bxc6 25. h4 h5 26. Kg2 Kd6 27. Kf3 Bd7 28. Ke2 Nd5 29. f3 Nxb4 30. Kd2 Nd5 31. Ra1 f4 32. gxf4 Nxf4 33. Ke3 Nd5+ 34. Kd2 Ne7 35. Re1 Nf5 36. Rh1 Nxd4 37. Ke3 Nf5+ 38. Kf4 Be6 39. Kg5 Bd5 40. Rf1 Nd4 41. f4 Nf5 42. Kf6 Nxh4 43. Re1 Nf5 44. Re8 c5 45. Rd8+ Kc6 46. Rc8+ Kb5 47. Ke5 Be6 48. Rb8+ Kc4 49. Rb1 Kd3 50. Rd1+ Ke2 51. Rc1 c4 52. Kf6 Ne3 53. Ra1 c3 54. f5 Nxf5 55. Kg5 Nd4 56. Kf4 c2 57. Kg3 Nb3 0-1


[Site "https://www.chess.com"]

[Event "Titled Tuesday Blitz July 6 2021"]
[White "Kavyev, Ruslan"]
[Black "Shuvalov, Evgenij"]
[WhiteFideId "34110981"]
[BlackFideId "4187237"]
[WhiteElo "2172"]
[BlackElo "2163"]
[Result "1-0"]
[Round "07"]
[TimeControl "180+1"]
[Date "2021.07.06"]
[WhiteClock "0:00:30"]
[BlackClock "0:00:24"]

1. d4 b5 2. e4 Bb7 3. Bd3 Nf6 4. Nd2 c5 5. c3 e6 6. Ngf3 a6 7. O-O d5 8. e5 Ne4 9. Qe2 Nxd2 10. Bxd2 Nc6 11. a3 h6 12. h4 Na5 13. Rae1 Nc4 14. Bc1 Be7 15. h5 Rc8 16. Nh2 cxd4 17. cxd4 Qb6 18. Qg4 Kd7 19. Qxg7 Qxd4 20. Bb1 Rcg8 21. Qxf7 Nxe5 22. Qf4 Qxf4 23. Bxf4 Nc4 24. Nf3 Bf6 25. b3 Nxa3 26. Bg6 b4 27. Bf7 Re8 28. Bxe8+ Rxe8 29. Bxh6 Rh8 30. Bg5 Bc3 31. Ne5+ Kc7 32. Bf4 Rxh5 33. Re2 Kb6 34. Nd7+ Kc6 35. Nf8 Bc8 36. Nxe6 Bxe6 37. Rxe6+ Kb5 38. g4 Rh4 39. f3 Nc2 40. Kg2 Nd4 41. Rd6 Kc5 42. Rxa6 Ne2 43. Bg3 Rh7 44. g5 Rg7 45. f4 Nd4 46. Bf2 Kb5 47. Bxd4 Bxd4 48. Rd6 Kc5 49. Rd8 Be3 50. Kf3 d4 51. Re1 Rf7 52. Rxe3 dxe3 53. Kxe3 Re7+ 54. Kf3 Rh7 55. g6 Rh3+ 56. Kg4 Rxb3 57. g7 Rb1 58. g8=Q Rg1+ 59. Kf5 Rxg8 60. Rxg8 b3 61. Rb8 Kc4 62. Ke4 Kc3 63. f5 b2 64. f6 Kc2 65. f7 b1=Q 66. Rxb1 Kxb1 67. f8=Q 1-0


[Site "https://www.chess.com"]

[Event "Titled Tuesday Blitz July 6 2021"]
[White "Keymer, Vincent"]
[Black "Vykouk, Jan"]
[WhiteFideId "12940690"]
[BlackFideId "349658"]
[WhiteElo "2474"]
[BlackElo "2387"]
[Result "1-0"]
[Round "07"]
[TimeControl "180+1"]
[Date "2021.07.06"]
[WhiteClock "0:01:05"]
[BlackClock "0:00:34"]

1. Nf3 Nf6 2. c4 g6 3. Nc3 Bg7 4. g3 O-O 5. Bg2 d6 6. d4 c6 7. e4 a6 8. O-O Nfd7 9. Qc2 b5 10. b3 bxc4 11. bxc4 c5 12. d5 a5 13. Rb1 Ba6 14. Nb5 Bxb5 15. Rxb5 Qc7 16. Bd2 Ne5 17. Rfb1 Nxf3+ 18. Bxf3 Ra7 19. Qa4 Nd7 20. Rxa5 Rfa8 21. Rxa7 Rxa7 22. Qb3 Bd4 23. Kg2 e5 24. a4 Kg7 25. a5 Qd8 26. h4 h5 27. Qa4 f5 28. Qc6 fxe4 29. Bxe4 Qf6 30. f3 Qf8 31. Rb7 Rxb7 32. Qxb7 1-0


[Site "https://www.chess.com"]

[Event "Titled Tuesday Blitz July 6 2021"]
[White "Khamrakulov, Djurabek"]
[Black "Ciorgovean, Iustin"]
[WhiteFideId "14201143"]
[BlackFideId "1242911"]
[WhiteElo "2535"]
[BlackElo "2075"]
[Result "0-1"]
[Round "07"]
[TimeControl "180+1"]
[Date "2021.07.06"]
[WhiteClock "0:00:56"]
[BlackClock "0:00:50"]

1. d4 Nf6 2. Nf3 g6 3. g3 Bg7 4. Bg2 O-O 5. O-O d6 6. c4 Nc6 7. Nc3 e5 8. dxe5 dxe5 9. Bg5 Be6 10. b3 h6 11. Bxf6 Bxf6 12. Nd2 Qe8 13. Nde4 Bg7 14. Nc5 Rd8 15. Qc1 Bc8 16. Nd5 Nd4 17. Re1 c6 18. Nc3 f5 19. e3 Ne6 20. Nxe6 Bxe6 21. Qc2 Qe7 22. Rad1 e4 23. Ne2 Bf7 24. Rxd8 Rxd8 25. Rd1 Rd6 26. h4 Qd8 27. Rxd6 Qxd6 28. Bh3 Qd3 29. Nd4 Bxd4 30. Qc1 Bf6 31. Qa3 a6 32. h5 Qd7 33. hxg6 Bxg6 34. Qc5 h5 35. Kh2 Kg7 36. a4 Qe7 37. Qa5 Be5 38. Kg2 Bh7 39. b4 Bc7 0-1


[Site "https://www.chess.com"]

[Event "Titled Tuesday Blitz July 6 2021"]
[White "Khanin, Semen"]
[Black "Rustemov, Alexander"]
[WhiteFideId "4111990"]
[BlackFideId "4119002"]
[WhiteElo "2521"]
[BlackElo "2860"]
[Result "1-0"]
[Round "07"]
[TimeControl "180+1"]
[Date "2021.07.06"]
[WhiteClock "0:00:06"]
[BlackClock "0:00:01"]

1. e4 e6 2. d4 d5 3. e5 c5 4. c3 Qb6 5. Nf3 Bd7 6. Bd3 cxd4 7. Nxd4 Ne7 8. O-O Nbc6 9. Nxc6 Nxc6 10. Qe2 Qc7 11. Re1 Be7 12. Nd2 O-O 13. Nf3 Rae8 14. h4 f6 15. exf6 Bxf6 16. Ng5 Bxg5 17. hxg5 e5 18. Bxh7+ Kxh7 19. Qh5+ Kg8 20. g6 Rf5 21. Qh7+ Kf8 22. g4 Rf6 23. Bg5 Qd8 24. Qh8+ Ke7 25. Qxg7+ Ke6 26. f4 Ref8 27. fxe5 Nxe5 28. Bf4 Kd6 29. Bxe5+ Kc6 30. Bxf6 Rxf6 31. Rf1 Qb6+ 32. Kh1 Re6 33. Qd4 Qxb2 34. Rae1 Qc2 35. Rxe6+ Bxe6 36. Qf6 Qe4+ 37. Kg1 Kb5 38. g7 Bxg4 39. Qf4 Qg6 40. Qg3 Qh5 41. g8=Q Be2 42. Q8g5 1-0


[Site "https://www.chess.com"]

[Event "Titled Tuesday Blitz July 6 2021"]
[White "Khusnutdinov, Rustam"]
[Black "Arabidze, Meri"]
[WhiteFideId "13701703"]
[BlackFideId "13604040"]
[WhiteElo "2571"]
[BlackElo "2432"]
[Result "1-0"]
[Round "07"]
[TimeControl "180+1"]
[Date "2021.07.06"]
[WhiteClock "0:01:30"]
[BlackClock "0:00:03"]

1. e4 c5 2. Nf3 e6 3. g3 Nc6 4. Bg2 d6 5. O-O Nf6 6. Re1 Be7 7. c3 O-O 8. d4 cxd4 9. cxd4 d5 10. e5 Ne4 11. Nbd2 Bb4 12. Re3 Nxd2 13. Bxd2 Bxd2 14. Qxd2 Bd7 15. Rc1 Rc8 16. Rec3 Qb6 17. Rc5 Ne7 18. b4 Bb5 19. Bf1 Bxf1 20. Kxf1 Rc6 21. b5 Rxc5 22. Rxc5 a6 23. a4 axb5 24. axb5 h6 25. Kg2 Ra8 26. Qc2 Ra3 27. Rc7 Kf8 28. Qc5 Qxc5 29. dxc5 Rc3 30. c6 bxc6 31. b6 Rb3 32. b7 Ke8 33. Rc8+ Kd7 34. b8=Q 1-0


[Site "https://www.chess.com"]

[Event "Titled Tuesday Blitz July 6 2021"]
[White "Koelle, Tobias"]
[Black "Pruijssers, Roeland"]
[WhiteFideId "16207378"]
[BlackFideId "1013068"]
[WhiteElo "2364"]
[BlackElo "2545"]
[Result "0-1"]
[Round "07"]
[TimeControl "180+1"]
[Date "2021.07.06"]
[WhiteClock "0:01:09"]
[BlackClock "0:00:22"]

1. Nf3 f5 2. d3 Nc6 3. e4 e5 4. Nc3 Bb4 5. Bd2 d6 6. a3 Bxc3 7. Bxc3 Nf6 8. exf5 Bxf5 9. d4 e4 10. d5 exf3 11. dxc6 Qe7+ 12. Kd2 Ne4+ 13. Kc1 fxg2 14. cxb7 Rb8 15. Bxg2 Qg5+ 16. Bd2 Qxg2 17. Rg1 Qxf2 18. Bb4 O-O 19. Rf1 Qe3+ 20. Kb1 Be6 21. Re1 Qf4 22. Qd4 Bf5 23. Qxa7 Nd2+ 24. Bxd2 Qxd2 25. Rc1 Qd5 26. Qe3 Rxb7 27. Rg1 Rfb8 28. b4 c5 29. Ra2 cxb4 30. Rb2 bxa3 31. Rxg7+ Kxg7 32. Qg5+ Bg6 0-1


[Site "https://www.chess.com"]

[Event "Titled Tuesday Blitz July 6 2021"]
[White "Koellner, Ruben Gideon"]
[Black "Leitao, Rafael"]
[WhiteFideId "12993093"]
[BlackFideId "2101246"]
[WhiteElo "2549"]
[BlackElo "2609"]
[Result "1-0"]
[Round "07"]
[TimeControl "180+1"]
[Date "2021.07.06"]
[WhiteClock "0:00:15"]
[BlackClock "0:00:27"]

1. d4 Nf6 2. Bg5 d5 3. e3 Ne4 4. Bf4 c5 5. c3 cxd4 6. exd4 Nc6 7. Nf3 g6 8. Bd3 Bg7 9. Nbd2 f5 10. h4 Qb6 11. Qb3 Be6 12. Ng5 Bg8 13. f3 Nxd2 14. Bxd2 Qxb3 15. axb3 O-O-O 16. Kf2 e5 17. dxe5 Bxe5 18. Bb5 Kb8 19. Rhe1 Bf6 20. Bf4+ Ka8 21. Bxc6 bxc6 22. Be3 h6 23. Rxa7+ Kb8 24. Rea1 hxg5 25. hxg5 d4 26. Bf4+ 1-0


[Site "https://www.chess.com"]

[Event "Titled Tuesday Blitz July 6 2021"]
[White "Kokoszczynski, Jan"]
[Black "Katz, Alexander"]
[WhiteFideId "1174460"]
[BlackFideId "2039796"]
[WhiteElo "2166"]
[BlackElo "2371"]
[Result "1-0"]
[Round "07"]
[TimeControl "180+1"]
[Date "2021.07.06"]
[WhiteClock "0:00:09"]
[BlackClock "0:02:07"]

1. e4 e5 2. Nf3 Nf6 3. Nxe5 d6 4. Nf3 Nxe4 5. d3 Nf6 6. d4 d5 7. Bd3 Bd6 8. O-O O-O 9. Bg5 Bg4 10. h3 Bh5 11. Nbd2 Nbd7 12. Re1 c6 13. Nf1 Qc7 14. Ne3 Rfe8 15. g4 Bg6 16. Nf5 Bf4 17. Ne7+ Kf8 18. Nxg6+ hxg6 19. Kg2 Ne4 20. Bxf4 Qxf4 21. Qc1 Qf6 22. c3 Re6 23. Bxe4 Rxe4 24. Rxe4 dxe4 25. Ng5 Qe7 26. Qf4 Re8 27. Re1 Nf6 28. Nxe4 Nd5 29. Qf3 g5 30. Kf1 Nf4 31. Re3 Nd5 32. Re2 f6 33. Ng3 Qxe2+ 34. Nxe2 Kf7 35. Ng3 g6 36. Ne4 Nf4 37. Nd6+ Kf8 38. Nxe8 Kxe8 39. h4 Kf7 40. hxg5 fxg5 41. Qe4 Kf6 42. Qe5+ Kf7 43. Qxg5 Ne6 44. Qe5 b5 45. d5 cxd5 46. Qxd5 Kf6 47. Qxb5 g5 48. Qf5+ Ke7 49. Qxe6+ Kxe6 50. c4 Ke5 51. Kg2 Kd4 52. b3 Ke4 53. Kg3 a6 54. b4 Kd4 55. b5 axb5 56. cxb5 Kc5 57. f4 gxf4+ 58. Kxf4 Kxb5 1-0


[Site "https://www.chess.com"]

[Event "Titled Tuesday Blitz July 6 2021"]
[White "Kotsur, Pavel"]
[Black "Lopez Gracia, Fernando"]
[WhiteFideId "13700278"]
[BlackFideId "2207184"]
[WhiteElo "2521"]
[BlackElo "2389"]
[Result "1-0"]
[Round "07"]
[TimeControl "180+1"]
[Date "2021.07.06"]
[WhiteClock "0:00:06"]
[BlackClock "0:00:12"]

1. e4 e5 2. Nf3 Nc6 3. d4 exd4 4. Nxd4 Nf6 5. Nxc6 bxc6 6. e5 Qe7 7. Qe2 Nd5 8. c4 Ba6 9. h4 f6 10. exf6 Nxf6 11. Nc3 Qxe2+ 12. Bxe2 Bb4 13. Bd2 O-O 14. a3 Bxc3 15. Bxc3 Rae8 16. b3 d5 17. Bb4 dxc4 18. Kf1 Rf7 19. Rh3 Ne4 20. Rf3 Rxf3 21. gxf3 Nd6 22. Rc1 Kf7 23. bxc4 g6 24. Bd3 Re5 25. Kg2 c5 26. Ba5 Re7 27. Bd2 Bb7 28. Be3 Nf5 29. Bxc5 Re5 30. Bxf5 Rxf5 31. Bxa7 Rxf3 32. Kg1 Rxa3 33. Be3 Ke6 34. Kh2 Kf5 35. Kg3 Be4 36. Rd1 Rd3 37. Ra1 c6 38. Ra5+ Ke6 39. Kf4 Bf5 40. h5 Kd7 41. h6 Rd1 42. Ra7+ Ke6 43. Rxh7 g5+ 44. Kxg5 Bxh7 45. c5 Rd5+ 46. Kf4 Rf5+ 47. Kg4 Ke5 48. f4+ Ke4 49. Bd2 1-0


[Site "https://www.chess.com"]

[Event "Titled Tuesday Blitz July 6 2021"]
[White "Krivonosov, Oleg"]
[Black "Mikhalsky, Vladimir"]
[WhiteFideId "11600349"]
[BlackFideId "14144352"]
[WhiteElo "2469"]
[BlackElo "2280"]
[Result "1/2-1/2"]
[Round "07"]
[TimeControl "180+1"]
[Date "2021.07.06"]
[WhiteClock "0:00:22"]
[BlackClock "0:00:11"]

1. Nf3 c5 2. c4 Nf6 3. Nc3 d5 4. cxd5 Nxd5 5. d4 Nxc3 6. bxc3 g6 7. g3 Bg7 8. Bg2 O-O 9. O-O Nc6 10. Be3 Qa5 11. dxc5 Rd8 12. Qb3 Qxc3 13. Qxc3 Bxc3 14. Rac1 Bf6 15. Rb1 Rb8 16. Ng5 Bf5 17. Ne4 Bd4 18. Bf4 Be5 19. Bxe5 Nxe5 20. Rb4 Nd7 21. Rfb1 Bxe4 22. Rxe4 e6 23. Rc4 Rdc8 24. Rbc1 Rc7 25. c6 bxc6 26. Rxc6 Rxc6 27. Bxc6 Rc8 28. Rc2 Ne5 29. Ba4 Rxc2 30. Bxc2 Kf8 31. f4 Ng4 32. e4 Ke7 33. e5 f6 34. exf6+ Kxf6 35. h3 Ne3 36. Be4 e5 37. Kf2 exf4 38. gxf4 Nc4 39. Ke2 Nd6 40. Bc2 Ke6 41. Ke3 Kd5 42. Bb3+ Kc5 43. Bg8 h6 44. Kd3 g5 45. Ke3 a5 46. fxg5 hxg5 47. Kf3 Ne8 48. Bf7 Nf6 49. Ke3 Kb4 50. Kd4 g4 51. h4 Ka3 52. Ke3 a4 53. Kf4 Kb2 54. Be6 a3 55. Bf7 Kb1 56. Be6 Kb2 57. Bf7 Kb1 58. Bc4 Kb2 59. Bf7 1/2-1/2


[Site "https://www.chess.com"]

[Event "Titled Tuesday Blitz July 6 2021"]
[White "Kukhmazov, Arsen"]
[Black "Espinosa Veloz, Ermes"]
[WhiteFideId "24108260"]
[BlackFideId "3507424"]
[WhiteElo "2795"]
[BlackElo "2561"]
[Result "1/2-1/2"]
[Round "07"]
[TimeControl "180+1"]
[Date "2021.07.06"]
[WhiteClock "0:00:09"]
[BlackClock "0:00:26"]

1. d4 Nf6 2. c4 g6 3. h4 Bg7 4. Nc3 c5 5. d5 e6 6. e4 exd5 7. exd5 O-O 8. Bd3 d6 9. h5 Nxh5 10. Rxh5 gxh5 11. Qxh5 f5 12. Nf3 Qe8+ 13. Qxe8 Rxe8+ 14. Kf1 a6 15. Bf4 Be5 16. Re1 Nd7 17. Bxf5 Rf8 18. Be6+ Kg7 19. Nxe5 Nxe5 20. Bxe5+ dxe5 21. Rxe5 b5 22. Ne4 bxc4 23. Nxc5 Rb8 24. Re2 Rb5 25. Na4 Bxe6 26. dxe6 Kf6 27. Re4 Rc8 28. e7 Kf7 29. e8=Q+ Rxe8 30. Rxc4 Kf8 31. b3 Rbe5 32. g3 Re1+ 33. Kg2 R1e2 34. Nc3 Rc2 35. a4 a5 36. Rf4+ Kg7 37. Nd5 Rb8 38. b4 axb4 39. Nxb4 Rb2 40. Nc6 Rc8 41. Ne7 Ra8 42. Nc6 Rc2 43. Rg4+ Kf7 44. Rf4+ Kg6 45. Rg4+ Kf5 46. Rf4+ Kg5 47. Nd4 Ra2 48. Ne6+ Kg6 49. Nc5 Ra5 50. Rc4 Kf5 51. Kf3 Ke5 52. Nd3+ Kf5 53. Rf4+ Kg6 54. Rg4+ Kf5 55. Rf4+ Kg6 56. Rg4+ Kf7 57. Rf4+ Kg6 1/2-1/2


[Site "https://www.chess.com"]

[Event "Titled Tuesday Blitz July 6 2021"]
[White "Le, Tuan Minh"]
[Black "Bartel, Michal"]
[WhiteFideId "12401153"]
[BlackFideId "1119257"]
[WhiteElo "2882"]
[BlackElo "2568"]
[Result "1-0"]
[Round "07"]
[TimeControl "180+1"]
[Date "2021.07.06"]
[WhiteClock "0:00:25"]
[BlackClock "0:00:29"]

1. d4 Nf6 2. Nf3 c5 3. c3 Qb6 4. dxc5 Qxc5 5. Bf4 d5 6. Nbd2 Nc6 7. e3 Bg4 8. Qa4 e6 9. Ne5 Be7 10. Bb5 Rc8 11. Nb3 Qb6 12. Nd4 O-O 13. Ndxc6 bxc6 14. Nxc6 Rxc6 15. Bxc6 Qxb2 16. O-O Ne4 17. Rab1 Qxc3 18. Rfc1 Qf6 19. Qd4 Qg6 20. Qxa7 Bf3 21. Bg3 Nxg3 22. hxg3 Be4 23. Rb8 Bd6 24. Rxf8+ Bxf8 25. Bb5 h5 26. Qb8 Qf6 27. a4 h4 28. gxh4 Qxh4 29. Rc8 Qe7 30. a5 g5 31. a6 Qb4 32. Rxf8+ Qxf8 33. Qxf8+ Kxf8 34. Bc6 d4 35. Bxe4 1-0


[Site "https://www.chess.com"]

[Event "Titled Tuesday Blitz July 6 2021"]
[White "Leenhouts, Koen"]
[Black "Korchmar, Vasiliy"]
[WhiteFideId "1008439"]
[BlackFideId "24131750"]
[WhiteElo "2409"]
[BlackElo "2370"]
[Result "1/2-1/2"]
[Round "07"]
[TimeControl "180+1"]
[Date "2021.07.06"]
[WhiteClock "0:00:05"]
[BlackClock "0:00:09"]

1. d4 Nf6 2. c4 g6 3. Nc3 d5 4. Bg5 Ne4 5. Bh4 c5 6. cxd5 Nxc3 7. bxc3 Qxd5 8. Nf3 Nc6 9. e3 cxd4 10. cxd4 e5 11. a3 exd4 12. Nxd4 Nxd4 13. Qxd4 Qxd4 14. exd4 Bg7 15. Bb5+ Bd7 16. Bxd7+ Kxd7 17. O-O Rhe8 18. Rab1 b6 19. a4 Re4 20. Bg3 Bxd4 21. a5 Bc5 22. Rfd1+ Kc6 23. Rbc1 Kb5 24. axb6 axb6 25. Rd7 Rae8 26. Kf1 R8e7 27. Rd2 Bb4 28. Rd5+ Ka6 29. f3 Re2 30. Bf2 Ra2 31. Rb1 Ba5 32. Rd6 Rb7 33. h4 h5 34. g4 hxg4 35. fxg4 Ra4 36. h5 Rxg4 37. h6 Rg5 38. Be3 Rh5 39. Ke2 Re7 40. Rb3 Rh2+ 41. Kf3 Rh3+ 42. Kf2 Rexe3 43. Rxe3 Rxh6 44. Rd7 Bb4 45. Re4 Bc5+ 46. Kf3 Rh3+ 47. Kg2 Rh5 48. Rxf7 Rg5+ 49. Kf3 Kb5 50. Rg4 Rd5 51. Rxg6 Rd3+ 52. Ke4 Re3+ 53. Kf4 Re1 54. Rf5 Rf1+ 55. Ke5 Re1+ 56. Kf6 Rd1 57. Rg4 Rd6+ 58. Ke5 Rd1 59. Ke4 Re1+ 60. Kf3 Re8 61. Rf7 Re3+ 62. Kf4 Re1 63. Kf5 Rf1+ 64. Kg6 Re1 65. Rf5 Re6+ 66. Rf6 Re8 67. Kf5 Rd8 68. Rf7 Rd5+ 69. Ke6 Rd1 70. Ke5 Kc6 71. Ke6 Re1+ 72. Kf6 Rf1+ 73. Kg6 Re1 74. Rf6+ Kd5 75. Rf5+ Kc6 76. Rf6+ Kb5 77. Rf5 Re8 78. Rf6 Rg8+ 79. Kf5 Rb8 80. Re6 Rf8+ 81. Rf6 Re8 82. Re6 Ra8 83. Re2 Ra3 84. Rb2+ Kc6 85. Rg6+ Kb7 86. Rg7+ Ka6 87. Rg6 Rf3+ 88. Ke4 Rf8 89. Kd5 Rd8+ 90. Kc4 Rd4+ 91. Kc3 Rd7 92. Ra2+ Kb5 93. Rb2+ Ka6 94. Ra2+ Kb7 95. Kc4 Rd4+ 96. Kc3 Rh4 97. Rg7+ Kc6 98. Rg6+ Kb5 99. Rb2+ Bb4+ 100. Kd3 Rh3+ 101. Kd4 1/2-1/2


[Site "https://www.chess.com"]

[Event "Titled Tuesday Blitz July 6 2021"]
[White "Ljukin, Sergei"]
[Black "Samunenkov, Ihor"]
[WhiteFideId "14102200"]
[BlackFideId "14187086"]
[WhiteElo "2309"]
[BlackElo "2281"]
[Result "0-1"]
[Round "07"]
[TimeControl "180+1"]
[Date "2021.07.06"]
[WhiteClock "0:00:03"]
[BlackClock "0:00:05"]

1. e4 c6 2. d4 d5 3. e5 Bf5 4. Nd2 e6 5. Nb3 c5 6. dxc5 Bxc5 7. Nxc5 Qa5+ 8. c3 Qxc5 9. Be3 Qc7 10. f4 Ne7 11. Nf3 Nbc6 12. Bd3 Bxd3 13. Qxd3 Nf5 14. Bf2 h5 15. O-O-O O-O-O 16. Kb1 Kb8 17. g3 Na5 18. b3 Rc8 19. Rc1 Rhd8 20. h3 Nc6 21. g4 Nh6 22. Rhg1 hxg4 23. hxg4 Ne7 24. Nd4 a6 25. Qe3 Nc6 26. c4 dxc4 27. Nxc6+ bxc6 28. Rxc4 Qb7 29. Rgc1 Rd5 30. a4 a5 31. Ka2 Nxg4 32. Qf3 Nxf2 33. Qxf2 Rcd8 34. R1c2 Rd3 35. R4c3 Qb4 36. Qc5 Rxc3 37. Rxc3 Rd2+ 38. Kb1 Qe4+ 39. Ka1 Rd1+ 40. Rc1 Rxc1+ 41. Qxc1 Qd4+ 42. Ka2 Kb7 43. Qf1 Kb6 44. Qf3 Qd2+ 45. Ka3 Kc5 46. Qe4 Qb4+ 47. Qxb4+ axb4+ 48. Kb2 f6 49. exf6 gxf6 50. Kc2 Kb6 51. Kd3 Kc5 52. Ke4 Kd6 53. Kd4 c5+ 54. Kc4 Kc6 55. a5 e5 56. fxe5 fxe5 57. a6 e4 0-1


[Site "https://www.chess.com"]